 Dungeon Crawl Stone Soup version 0.28.0 (webtiles) character file.

Game seed: 7625516861773757989

1149 AmazingTV the Sneak (level 8, 0/41 (42) HPs)
             Began as a Spriggan Brigand on June 28, 2022.
             Slain by a two-headed ogre (12 damage)
             ... on level 6 of the Dungeon.
             The game lasted 00:25:52 (9670 turns).

AmazingTV the Sneak (Spriggan Brigand)              Turns: 9670, Time: 00:25:53

HP:   0/41 (42)     AC:  3    Str:  7    XL:     8   Next: 15%
MP:   9/9           EV: 19    Int: 12    God:
Gold: 223           SH:  0    Dex: 19    Spells: 7/7 levels left

rFire   . . .      SeeInvis +   a - +2 dagger
rCold   . . .      Faith    .   (no shield)
rNeg    . . .      Spirit   .   s - +0 robe
rPois   .          Reflect  .   (helmet restricted)
rElec   .          Harm     .   c - +0 cloak
rCorr   +          Rampage  .   (gloves unavailable)
Will    +....                   (boots unavailable)
Stlth   ++++......              (no amulet)
HPRegen 0.13/turn               j - ring of resist corrosion
MPRegen 0.11/turn               (no ring)

@: lightly drained, very quick
A: very small, no large weapons, unfitting armour, see invisible, speed 3
a: no special abilities


You were on level 6 of the Dungeon.
You visited 1 branch of the dungeon, and saw 6 of its levels.

You collected 288 gold pieces.
You spent 65 gold pieces at shops.

Inventory:

Hand Weapons
 a - a +2 dagger (weapon)
 b - the +2 falchion of Blind Justice {holy, Dex+5}
   (You took it off a gnoll on level 5 of the Dungeon)

   It has been blessed by the Shining One to cause great damage to the undead
   and demons.
   Dex:       It affects your dexterity (+5).
 y - a +0 hand crossbow
 z - a +0 short sword
Missiles
 e - 2 curare-tipped darts (quivered)
 f - 164 stones
 k - 74 arrows
 l - 14 sling bullets
Armour
 c - a +0 cloak (worn)
 s - a +0 robe (worn)
Jewellery
 j - a ring of resist corrosion (left hand)
Scrolls
 m - a scroll of torment {unknown}
 n - a scroll of immolation {unknown}
 o - a scroll of acquirement {unknown}
 p - a scroll of blinking {unknown}
 q - 2 scrolls of teleportation
 r - 7 scrolls of identify
 t - a scroll of magic mapping {unknown}
 u - a scroll of holy word {unknown}
 w - 2 scrolls of noise {unknown}
 x - a scroll of enchant weapon {unknown}
 A - a scroll of brand weapon {unknown}
Potions
 g - a potion of mutation {unknown}
 h - a potion of lignification {unknown}
 i - 2 potions of curing {unknown}
 v - a potion of might {unknown}


   Skills:
 + Level 3.8 Fighting
 + Level 5.1 Short Blades
 + Level 4.9(6.2) Slings
 + Level 4.7(5.5) Throwing
 - Level 4.5 Dodging
 + Level 7.1 Stealth


You had 7 spell levels left.
You didn't know any spells.
Your spell library contained the following spells:

 Spells                   Type           Power      Damage    Failure   Level
 Conjure Flame            Conj/Fire      0%         6-21      69%         3
 Ignite Poison            Fire/Tmut/Pois 0%         N/A       69%         3
 Sticky Flame             Conj/Fire      0%         2d3       97%         4


Dungeon Overview and Level Annotations

Branches:
Dungeon (6/15)
 Temple: D:4-7

Altars:
Nemelex Xobeh
Okawaru
Qazlal

Shops:
D:3 *   D:5 :

Annotations:
D:4 Sigmund
D:5 Edmund


Innate Abilities, Weirdness & Mutations

You are very small and have problems with some larger weapons.
You are too small for most types of armour.
You have supernaturally acute eyesight. (SInv)
You cover ground extremely quickly. (Speed+++)


Message History

There is a stone staircase leading up here.
The +2 falchion of Blind Justice {holy, Dex+5} stops glowing.
a - a +2 dagger (weapon)
The helpless two-headed ogre fails to defend itself.
You stick the two-headed ogre like a pincushion!!!
The two-headed ogre is almost dead.
The two-headed ogre misses you.
The two-headed ogre hits you with a +0 giant spiked club!
You hit the two-headed ogre but do no damage.
The two-headed ogre is almost dead.
You feel agile.
The +2 falchion of Blind Justice {holy, Dex+5} softly glows with a divine radiance!
b - the +2 falchion of Blind Justice (weapon)
{holy, Dex+5} You hit the two-headed ogre.
The two-headed ogre is almost dead.
The two-headed ogre misses you.
The two-headed ogre completely misses you.
A necrophage comes into view.
The +2 falchion of Blind Justice {holy, Dex+5} stops glowing.
a - a +2 dagger (weapon)
The helpless necrophage fails to defend itself.
You spit the necrophage like a pig!!!
You destroy the necrophage!
Found a twisted iron ring.
You see here a necrophage corpse.
You hit the two-headed ogre.
The two-headed ogre is almost dead.
You hit the two-headed ogre but do no damage.
The two-headed ogre is almost dead.
A centaur and a bullfrog come into view.
You barely miss the two-headed ogre.
The two-headed ogre is almost dead.
The centaur shouts!
The bullfrog gives a loud, deep croak!
The two-headed ogre completely misses you.
The two-headed ogre hits you with a +0 giant spiked club!
The centaur wields a +0 shortbow.
The centaur shoots an arrow.
The arrow hits you.
* * * LOW HITPOINT WARNING * * *
The two-headed ogre hits you with a +0 dire flail!
You die...

######### #.......#
#.......# #.c.....#
#.......#
##=.F....#
#........#
.......#........#
.......#.@....###
.......+O.....#
.......#.###### #
.....#.# #.# ...#†#
#...###+#.#.######
...................
.#....<#.#.#######
#?#####.#.#


You could see a two-headed ogre, a bullfrog and a centaur.

Vanquished Creatures
  Duvessa (D:4)
  A centaur (D:5)
  2 necrophages
  2 scorpions (D:4)
  A water moccasin skeleton (D:5)
  Dowan (D:4)
  3 vampire bats (D:3)
  2 hounds
  A gnoll shaman (D:5)
  A bullfrog skeleton (D:5)
  2 iguanas (D:5)
  2 orc wizards
  A killer bee zombie (D:4)
  A hound skeleton (D:3)
  Robin (D:4)
  7 gnolls
  5 adders
  An ufetubus (D:5)
  An adder skeleton (D:4)
  A worm (D:5)
  3 dart slugs
  7 orcs
  5 endoplasms
  2 giant cockroaches
  10 goblins
  14 hobgoblins
  3 quokkas
  3 ball pythons
  6 bats
  2 frilled lizards
  4 kobolds
  5 rats
101 creatures vanquished.

Vanquished Creatures (others)
  4 fungi (D:2)
  2 plants (D:2)
6 creatures vanquished.

Grand Total: 107 creatures vanquished

Notes
Turn   | Place    | Note
-------+----------+-------------------------------------------
     0 | D:1      | AmazingTV the Spriggan Brigand began the quest for the Orb.
     0 | D:1      | Reached XP level 1. HP: 10/10 MP: 2/2
   835 | D:1      | Reached XP level 2. HP: 8/15 MP: 3/3
  1199 | D:2      | Reached skill level 1 in Slings
  1457 | D:2      | Found a faded altar of an unknown god.
  1735 | D:2      | Reached XP level 3. HP: 16/18 MP: 4/4
  2626 | D:3      | Found Rihitol's General Store.
  2636 | D:3      | Bought a scroll of identify for 26 gold pieces
  2636 | D:3      | Bought a scroll of teleportation for 39 gold pieces
  2667 | D:3      | Reached XP level 4. HP: 20/23 MP: 5/5
  4152 | D:3      | Reached XP level 5. HP: 12/27 MP: 6/6
  4664 | D:4      | Found a stormy altar of Qazlal.
  4673 | D:4      | Noticed Robin
  4708 | D:4      | Noticed Duvessa
  4723 | D:4      | Noticed Dowan
  5325 | D:4      | Identified the +3 chain mail of the Shore {rF+ rC+ Dex-3}
  5435 | D:4      | Killed Duvessa
  5436 | D:4      | Reached XP level 6. HP: 8/32 MP: 7/7
  5729 | D:4      | Killed Robin
  5780 | D:4      | Killed Dowan
  6545 | D:4      | Reached XP level 7. HP: 20/36 MP: 8/8
  6818 | D:4      | Noticed Sigmund
  7143 | D:5      | Entered Level 5 of the Dungeon
  7263 | D:5      | Reached skill level 6 in Stealth
  7739 | D:5      | Found an iron altar of Okawaru.
  7767 | D:5      | Found a sparkling altar of Nemelex Xobeh.
  7828 | D:5      | Identified the +2 falchion of Blind Justice {holy, Dex+5}
  8369 | D:5      | Reached XP level 8. HP: 24/42 MP: 9/9
  8540 | D:5      | Found Asui's Book Boutique.
  8549 | D:5      | Noticed Edmund
  8549 | D:5      | Identified the ring of Oket {rElec rPois rN+}
  9126 | D:5      | Reached skill level 5 in Short Blades
  9343 | D:4      | Reached skill level 7 in Stealth
  9648 | D:6      | Noticed a two-headed ogre
  9670 | D:6      | Slain by a two-headed ogre

Illustrated notes

Levels and vault maps discovered:
D:1:      minmay_arrival_shattered_statue, layout_basic
D:2:      layout_basic, shapermc_ecumenical_altar_gd
D:3:      layout_rooms, serial_shops, shop, roderic_batcave
D:4:      layout_basic, grunt_qazlal_clouds, uniq_sigmund, uniq_grinder,
          uniq_robin, uniq_duvessa
D:5:      layout_rooms, kennysheep_mini_moat, lemuel_round_altar, serial_shops,
          shop, st_stairs_4, uniq_crazy_yiuf_cottage, uniq_edmund,
          uniq_blork_the_orc
D:6:      layout_basic, hellmonk_ghost_happy_afterlife, minmay_pentangle,
          uniq_eustachio

Skill      XL: |  1  2  3  4  5  6  7  8 |
---------------+-------------------------+-----
Slings         | 1 2 3 4 |  4.9
Dodging        | 2 3 4 |  4.5
Fighting       | 2 3 |  3.8
Short Blades   | 3 4 5 |  5.1
Throwing       | 3 4 |  4.7
Stealth        | 6 7 |  7.1

Action                   |  1- 3 |  4- 6 |  7- 9 || total
-------------------------+-------+-------+-------++-------
Melee: Dagger            |    75 |       |     6 ||    81
       Short sword       |    43 |   269 |   147 ||   459
       Punch             |     1 |     3 |     1 ||     5
       Falchion          |       |       |    41 ||    41
Throw: Dart              |     4 |    38 |    16 ||    58
  Use: Potion            |       |     1 |       ||     1
 Stab: Sleeping          |    11 |     3 |     8 ||    22
       Distracted        |     1 |     1 |       ||     2
Armor: Robe              |    15 |    54 |    12 ||    81
Dodge: Dodged            |    79 |   360 |   146 ||   585
